 Seeded DCSS version 0.30-a0-859-gf88a04b (webtiles) character file.

Game seed: 3348077355291466336 (custom seed)

1659 lyrin the Grappler (level 8, -4/68 (72) HPs)
             Began as a Troll Air Elementalist on Mar 6, 2023.
             Was an Elder of Zin.
             Slain by a hornet simulacrum (15 damage)
             ... on level 8 of the Dungeon.
             The game lasted 00:11:49 (5147 turns).

lyrin the Grappler (Troll Air Elementalist)         Turns: 5147, Time: 00:11:50

HP:   -4/68 (72)    AC:  5    Str: 19    XL:     8   Next: 68%
MP:   9/9           EV: 10    Int: 11    God:    Zin [****..]
Gold: 401           SH:  0    Dex: 10    Spells: 8/9 levels left

rFire   + . .      SeeInvis +      - Unarmed
rCold   . . .      Faith    .    (no shield)
rNeg    . . .      Spirit   .    k - +1 robe {rF+}
rPois   +          Reflect  .    d - +0 mask of the Dragon {Will+ Slay+3 SInv}
rElec   .          Rampage  .    (no cloak)
rCorr   .                        (gloves unavailable)
Will    +....                    (boots unavailable)
Stlth   +                        (no amulet)
HPRegen 1.11/turn                i - ring of poison resistance
MPRegen 0.11/turn                (no ring)

@: drained
A: large, unfitting armour, claws 3, regeneration 1, shaggy fur 1, tough skin 1
a: Renounce Religion, Recite, Vitalisation, Imprison, Donate Gold


You were on level 8 of the Dungeon.
You worshipped Zin.
Zin was greatly pleased with you.
You visited 1 branch of the dungeon, and saw 8 of its levels.

You collected 445 gold pieces.
You donated 44 gold pieces to Zin.

Inventory:

Missiles
 e - 18 poisoned darts
 p - 5 curare-tipped darts
Armour
 d - the +0 mask of the Dragon (worn) {Will+ Slay+3 SInv}
   (You acquired it on level 6 of the Dungeon)

   Slay:      It affects your accuracy & damage with ranged weapons and melee
   (+3).
   SInv:      It lets you see invisible.
   Will:      It increases your willpower.
 k - a +1 robe of fire resistance (worn)
Jewellery
 i - a ring of poison resistance (left claw)
Wands
 w - a wand of flame (21)
Scrolls
 a - a scroll of torment {unknown}
 c - a scroll of magic mapping
 g - 3 scrolls of poison
 j - 4 scrolls of amnesia
 m - a scroll of enchant weapon
 o - a scroll of fog
 s - 2 scrolls of enchant armour
 t - a scroll of identify
 u - a scroll of teleportation {unknown}
 v - a scroll of fear {unknown}
Potions
 b - 2 potions of magic
 f - 2 potions of brilliance {unknown}
 h - 3 potions of heal wounds {unknown}
 l - a potion of resistance {unknown}
 n - a potion of flight {unknown}
 q - 2 potions of curing
 r - a potion of might {unknown}


   Skills:
 + Level 2.2 Fighting
 + Level 4.0 Dodging
 - Level 1.0 Stealth
 * Level 8.8 Unarmed Combat
 - Level 1.2 Spellcasting
 - Level 0.6 Conjurations
 - Level 2.0 Air Magic
 * Level 3.1 Invocations


You had 8 spell levels left.
You knew the following spells:

 Your Spells              Type           Power      Damage    Failure   Level
a - Shock                 Conj/Air       12%        1d3       19%         1

Your spell library contained the following spells:

 Spells                   Type           Power      Damage    Failure   Level
 Static Discharge         Conj/Air       6%         2-3/arc   28%         2
 Swiftness                Air            5%         N/A       38%         3
 Airstrike                Air            2%         2d(1-17)  80%         4


Dungeon Overview and Level Annotations

Branches:
Dungeon (7/15)             Temple (0/1) D:4

Altars:
Qazlal
Trog
Zin
The Shining One

Shops:
D:1 =   D:7 *   D:8 [

Annotations:
D:2 1 runed translucent door, Crazy Yiuf


Innate Abilities, Weirdness & Mutations

You are too large for most types of armour.
You have claws for hands.
Your natural rate of healing is unusually fast.
You are covered in fur. (AC +1)
You have tough skin. (AC +1)


Message History

You start resting.
HP restored.
You start waiting.
You hear the faint creaking of a very distant portcullis.
A white imp comes into view.
As you read the scroll of magic mapping, it crumbles to dust.
You feel aware of your surroundings.
You sensed 1 altar, and 2 shops/portals.
The white imp gestures at you. The puff of frost hits you!
You mangle the white imp!!
You kill the white imp!
You open the door.
Found Kiuhem's Armour Emporium.
There is an open door here.
There is an entrance to Kiuhem's Armour Emporium here.
Unknown command.
Unknown command.
Unknown command.
Unknown command.
You open the door.
There is an open door here.
A hornet simulacrum comes into view.
You barely miss the hornet simulacrum. The hornet simulacrum hits you.
The hornet simulacrum freezes you!
The hornet simulacrum barely misses you.
You closely miss the hornet simulacrum. The hornet simulacrum hits you!
The hornet simulacrum freezes you!
You closely miss the hornet simulacrum. The hornet simulacrum hits you.
The hornet simulacrum freezes you!
* * * LOW HITPOINT WARNING * * *
Okay, then.
Aiming: Throw Flame
Press: ? - help, Shift-Dir - straight line, f - hornet simulacrum
Aim: a hornet simulacrum (72% to hit)
The puff of flame misses the hornet simulacrum.
The hornet simulacrum hits you!
* * * LOW HITPOINT WARNING * * *
The hornet simulacrum freezes you!
You die...

,~~~,,,,......#..##,,*,,,,,,,,,,,
,~~~,,,,......#...*,,,,**,,,,,,,,
~~~~~,,,..........,,,*,**,,,,,,,,
~~~~~,,,.........#******,,,,,,,,,
~~~~~,,,.........# **,,,**,,,,,
*****,,,.........# *,,,****,*,,
,,,,,,,,.Z.......# **,.###**,,,
****,*,,,,,,,*#Z.# ###,.#.##,,,,
~~~~~,,,,,,,**##@####.##.....,,,,
~~~~~,,,,,...###.#...........,,**
~~~~~,,,,..................#****
,~~~,,,,,...................*
,~~~,,,,,...............#######
,~~~,,**,.....#.........#.....#
*,~,,,,,,.....###.......#.≈.≈.###
,,,,,,,,,.###,* ##...##.'..∩..'.#
,,,,,,<,,****,***#....###.≈.≈.#..


You could see a hornet simulacrum.

Vanquished Creatures
  Pikel (D:6)
  A sky beast (D:7)
  A black bear (D:7)
  An ogre (D:6)
  3 lemures
  2 phantoms (D:6)
  A bullfrog (D:6)
  2 scorpions
  3 jellies (D:6)
  4 hounds
  A gnoll bouda (D:7)
  4 iguanas
  A sleepcap (D:6)
  An orc wizard (D:5)
  6 gnolls
  4 adders
  2 shadow imps (D:6)
  3 white imps
  An ufetubus (D:4)
  A worm (D:2)
  2 dart slugs (D:3)
  9 orcs
  4 ball pythons
  6 bats
  6 endoplasms
  3 giant cockroaches
  6 goblins
  6 hobgoblins
  11 jackals
  6 quokkas
  2 frilled lizards (D:2)
  5 kobolds
  6 rats
115 creatures vanquished.

Vanquished Creatures (others)
  4 fungi (D:2)
4 creatures vanquished.

Grand Total: 119 creatures vanquished

Notes
Turn   | Place    | Note
-------+----------+-------------------------------------------
     0 | D:1      | lyrin the Troll Air Elementalist began the quest for the
                  | Orb.
     0 | D:1      | Reached XP level 1. HP: 16/16 MP: 1/1
   144 | D:1      | Reached skill level 1 in Unarmed Combat
   144 | D:1      | Reached XP level 2. HP: 23/24 MP: 2/2
   394 | D:1      | Found Foelain's Jewellery Boutique.
   534 | D:1      | Reached skill level 2 in Unarmed Combat
   652 | D:1      | Reached XP level 3. HP: 31/31 MP: 3/3
  1308 | D:2      | You fall into a shaft and drop 2 floors!
  1341 | D:4      | Reached XP level 4. HP: 30/39 MP: 4/4
  1355 | D:4      | Reached skill level 3 in Unarmed Combat
  1388 | D:4      | Found a glowing silver altar of Zin.
  1476 | D:4      | Became a worshipper of Zin the Law-Giver
  1476 | D:4      | Reached * piety under Zin
  1499 | D:4      | Found a staircase to the Ecumenical Temple.
  1661 | D:4      | Reached ** piety under Zin
  1912 | D:2      | Found a runed translucent door.
  1913 | D:2      | Noticed Crazy Yiuf
  2017 | D:3      | Found a bloodstained altar of Trog.
  2685 | D:5      | Entered Level 5 of the Dungeon
  2736 | D:5      | Found a stormy altar of Qazlal.
  2849 | D:5      | Reached XP level 5. HP: 26/46 MP: 5/5
  2995 | D:4      | Reached skill level 4 in Unarmed Combat
  2995 | D:4      | Reached skill level 1 in Invocations
  3425 | D:5      | Reached *** piety under Zin
  3469 | D:6      | Reached XP level 6. HP: 50/54 MP: 6/6
  3488 | D:6      | Noticed Pikel
  3614 | D:6      | Reached skill level 5 in Unarmed Combat
  3660 | D:6      | Identified a scroll of acquirement
  3660 | D:6      | Acquired the +0 mask of the Dragon {Will+ Slay+3 SInv}
  3660 | D:6      | Found the +0 mask of the Dragon {Will+ Slay+3 SInv}
  3682 | D:5      | Reached skill level 1 in Fighting
  3851 | D:6      | Killed Pikel
  3852 | D:6      | Reached skill level 7 in Unarmed Combat
  3852 | D:6      | Reached XP level 7. HP: 19/62 MP: 7/7
  4084 | D:6      | Found a glowing golden altar of the Shining One.
  4113 | D:6      | Reached XP level 8. HP: 55/71 MP: 8/8
  4504 | D:6      | Reached skill level 8 in Unarmed Combat
  4940 | D:7      | Found Ujemess's General Store.
  5042 | D:7      | Reached **** piety under Zin
  5056 | D:7      | You fall into a shaft and drop 1 floor!
  5120 | D:8      | Found Kiuhem's Armour Emporium.
  5147 | D:8      | Slain by a hornet simulacrum

Illustrated notes

Levels and vault maps discovered:
D:1:      psy_arrival_radial02, layout_basic, serial_shops, shop,
          corner_web_ring, kennysheep_nondescript
D:2:      layout_rooms, uniq_crazy_yiuf_cottage
D:3:      layout_basic, trog_three_pillars_becter
D:4:      layout_basic, zin_treasury, minmay_temple_entry_mini_moons
D:5:      cheibrodos_helix_gallery, layout_gridville, grunt_qazlal_clouds
D:6:      layout_basic, tso_altar, uniq_pikel
D:7:      layout_cave_pods, serial_gnoll_camp, gnoll_camp_medium_02,
          gnoll_camp_mini_hut, gnoll_camp_mini_shop, gnoll_camp_mini_basic,
          hangedman_decor_growths
D:8:      layout_cave_pools, lemuel_tele_altar, serial_ice, serial_ice_b,
          serial_ice_e, serial_ice_f, serial_ice_n, serial_ice_l, serial_ice_c,
          serial_shops, kennysheep_little_box, enter_bailey_3,
          hangedman_decor_points

Skill      XL: |  1  2  3  4  5  6  7  8 |
---------------+-------------------------+-----
Unarmed Combat | 1 2 3 4 7 8 |  8.8
Dodging        | 2 3 4 |  4.0
Invocations    | 1 2 3 |  3.1
Fighting       | 1 2 |  2.2
Stealth        | |  1.0
Spellcasting   | |  1.2
Conjurations   | |  0.6
Air Magic      | |  2.0

Action                     |  1- 3 |  4- 6 |  7- 9 || total
---------------------------+-------+-------+-------++-------
  Melee: Unarmed           |   121 |   172 |    68 ||   361
         Punch             |     2 |     4 |     3 ||     9
 Invoke: Recite            |       |     1 |       ||     1
  Evoke: Wand              |       |       |     1 ||     1
    Use: Scroll            |     4 |     5 |     4 ||    13
         Potion            |       |     5 |       ||     5
   Stab: Sleeping          |     4 |     3 |     1 ||     8
 Armour: Robe              |    34 |    40 |    10 ||    84
  Dodge: Dodged            |    75 |   100 |    22 ||   197

Table legend: (Time is in decaauts)
 A = Elapsed time spent in this place.
 B = Non-inter-level travel time spent in this place.
 C = Inter-level travel time spent in this place.
 D = Time resting spent in this place.
 E = Time spent auto-exploring this place.
 F = Levels seen in this place.
 G = Mean time per level.
                   A        B        C        D        E       F      G
               +--------+--------+--------+--------+--------+-----+--------+
         Total |   5122 |   4854 |    268 |    425 |   3136 |   8 |  640.2 |
       Dungeon |   5122 |   4854 |    268 |    425 |   3136 |   8 |  640.2 |
               +--------+--------+--------+--------+--------+-----+--------+

Top non-repeatable levels by time:
     D:6: 1036 daAuts
     D:1: 882 daAuts
     D:5: 849 daAuts
     D:3: 719 daAuts
     D:4: 710 daAuts
     D:2: 525 daAuts
     D:7: 309 daAuts
     D:8: 90 daAuts
